 Dungeon Crawl Stone Soup version 0.25.1-2-g60ff931df9 (webtiles) character file.

Game seed: 7066267130929250121

81 Luthien the Conjurer (level 4, 0/24 HPs)
             Began as a Deep Elf Conjurer on Aug 17, 2020.
             Succumbed to an adder's poison
             ... on level 3 of the Dungeon.
             The game lasted 00:03:57 (2022 turns).

Luthien the Conjurer (Deep Elf Conjurer)            Turns: 2022, Time: 00:03:58

Health: 0/24       AC:  3    Str:  5    XL:     4   Next: 19%
Magic:  0/12       EV: 14    Int: 21    God:
Gold:   63         SH:  0    Dex: 15    Spells: 8/11 levels left

rFire    . . .     SeeInvis .   h - +0 dagger
rCold    . . .     Gourm    .   (no shield)
rNeg     . . .     Faith    .   a - +0 robe
rPois    .         Spirit   .   (no helmet)
rElec    .         Reflect  .   (no cloak)
rCorr    .         Harm     .   (no gloves)
MR       .....                  f - +0 pair of boots
Stlth    ++........             (no amulet)
HPRegen  0.08/turn              (no ring)
MPRegen  0.13/turn              (no ring)

@: lethally poisoned (0 -> -4)
A: no striking features
a: no special abilities


You were on level 3 of the Dungeon.
You were not hungry.

You visited 1 branch of the dungeon, and saw 4 of its levels.

You collected 63 gold pieces.

Inventory:

Hand Weapons
 h - a +0 dagger (weapon)
 m - a +0 hunting sling
 x - a +1 short sword of venom
Missiles
 b - 64 stones (quivered)
 i - 8 javelins
Armour
 a - a +0 robe (worn)
 f - a +0 pair of boots (worn)
 k - a +0 ring mail
 s - a +0 robe
 w - a +0 ring mail
 y - a +0 leather armour
Jewellery
 u - an uncursed ring of poison resistance {unknown}
Scrolls
 g - a scroll of noise {unknown}
 j - a scroll of remove curse {unknown}
 l - a scroll of teleportation {unknown}
 n - a scroll of magic mapping {unknown}
 o - a scroll of fog {unknown}
 p - a scroll of random uselessness {unknown}
 q - a scroll of enchant weapon {unknown}
 t - a scroll of fear {unknown}
 v - a scroll of identify {unknown}
Potions
 d - a potion of lignification {unknown}
 e - 3 potions of degeneration {unknown}
 r - 2 potions of flight {unknown}
Comestibles
 c - 2 rations
 z - a chunk of flesh


   Skills:
 + Level 3.4 Dodging
 + Level 3.5 Stealth
 + Level 4.0 Spellcasting
 + Level 4.9 Conjurations


You had 8 spell levels left.
You knew the following spells:

 Your Spells              Type           Power        Failure   Level  Hunger
a - Magic Dart            Conj           ####         1%          1    None
b - Searing Ray           Conj           ####..       2%          2    #......

Your spell library contained the following spells:

 Spells                   Type           Power        Failure   Level  Hunger
 Dazzling Flash           Conj/Hex       ##....       13%         3    ###....
 Fulminant Prism          Conj/Hex       ##........   41%         4    ####...
 Iskenderun's Mystic Bla  Conj/Tloc      ##......     41%         4    ####...


Dungeon Overview and Level Annotations

Branches:
Dungeon (4/15)
 Temple: D:4-7

Altars:


Message History

You barely miss the orc.
You feel sick. The orc hits you but does no damage.
You closely miss the orc.
Casting: Magic Dart (safe; 1% risk of failure)
Confirm with . or Enter, or press ? or * to list all spells.
Aiming: Magic Dart (safe; 1% risk of failure)
Press: ? - help, Shift-Dir - straight line, f - orc
Aim: an orc, wielding a +0 mace and wearing a +0 leather armour The magic dart hits the orc but does no damage.
The orc barely misses you.
Casting: Magic Dart (safe; 1% risk of failure)
Confirm with . or Enter, or press ? or * to list all spells.
Aiming: Magic Dart (safe; 1% risk of failure)
Press: ? - help, Shift-Dir - straight line, f/p - orc
Aim: an orc, wielding a +0 mace and wearing a +0 leather armour The magic dart hits the orc.
The orc is almost dead.
The orc hits you with a +0 mace.
* * * LOW HITPOINT WARNING * * *
Unknown command.
You die...

#.##.....####### ##########
#.##...........# #........# ...
#..............# #........#
#...#######........####..>.....#
..........'........'..'..>...###
..........#........####......#
#...#........##..### #......#
#.. #....######..######......# #
##...# #.@....##......# .....#
#..###.##......# ###...# #o##
#.######### ......##
#.####'#####
##...#...##.##.......#
#..........##.......#
.##.##..##.......# #.#
#..##.......# #.. #..##.......#


You could see an orc.

Vanquished Creatures
  2 gnolls (D:2)
  2 adders (D:3)
  2 worms (D:2)
  3 dart slugs
  2 leopard geckos
  2 giant cockroaches
  3 goblins
  3 hobgoblins
  2 bats
  4 frilled lizards
  3 kobolds
  7 rats
35 creatures vanquished.

Notes
Turn   | Place    | Note
-------+----------+-------------------------------------------
     0 | D:1      | Luthien the Deep Elf Conjurer began the quest for the Orb.
     0 | D:1      | Reached XP level 1. HP: 10/10 MP: 6/6
   276 | D:1      | Reached XP level 2. HP: 15/15 MP: 5/8
   281 | D:1      | Learned a level 2 spell: Searing Ray
  1193 | D:2      | Reached XP level 3. HP: 6/19 MP: 3/10
  1864 | D:2      | You fall into a shaft and drop 1 floor!
  1964 | D:3      | Reached XP level 4. HP: 24/24 MP: 5/11
  2021 | D:3      | HP: 1/24 [orc/+0 mace (6)]
  2022 | D:3      | Succumbed to an adder's poison

Illustrated notes

Levels and vault maps discovered:
D:1:      psy_arrival_statuary, layout_loops_cross, chequers_arboretum,
          chequers_serial_rivers_small_b
D:2:      layout_loops_corners, overflow_temple_1_default
D:3:      layout_basic, gammafunk_temple_overflow_pools, minmay_distorted
D:4:      layout_rooms, first_ration, minmay_cupped, uniq_crazy_yiuf_cottage

Skill      XL: |  1  2  3  4 |
---------------+-------------+-----
Stealth        | 3 |  3.5
Dodging        | 3 |  3.4
Spellcasting   | 4 |  4.0
Conjurations   | |  4.9

Action                   |  1- 3 |  4- 6 || total
-------------------------+-------+-------++-------
Melee: Dagger            |       |     2 ||     2
 Cast: Magic Dart        |    71 |    13 ||    84
       Searing Ray       |     2 |       ||     2
  Eat: Chunk             |     3 |       ||     3
Armor: Robe              |     1 |       ||     1
Dodge: Dodged            |     8 |     2 ||    10
